 Dungeon Crawl Stone Soup version 0.24-a0-108-g011bc4b (webtiles) character file.

481845 toffzen the Warrior (level 23, -3/352 HPs)
             Began as a Black Draconian Ice Elementalist on Dec 8, 2018.
             Was the Champion of Vehumet.
             Slain by a titan (34 damage)
             ... on level 5 of the Vaults on Feb 14, 2019.
             The game lasted 06:23:26 (103493 turns).

toffzen the Warrior (DrIE)                        Turns: 103493, Time: 06:23:26

Health: -3/352     AC: 25    Str: 16    XL:     23   Next: 72%
Magic:  13/45      EV: 19    Int: 27    God:    Vehumet [******]
Gold:   2268       SH: 15    Dex: 15    Spells: 12/59 levels left

rFire    + + .     SeeInvis .   b - +10 long sword of Chagrin {flame, MR+}
rCold    + . .     Gourm    .   i - +2 shield of Resistance {rF+ rC+ MR+}
rNeg     . . .     Faith    .   (armour unavailable)
rPois    .         Spirit   .   (helmet restricted)
rElec    +         Reflect  .   k - +2 cloak
rCorr    .         Harm     .   y - +2 pair of gloves
MR       +++..     Rnd*Rage +   I - +2 pair of boots {run}
Stlth    ..........             M - amulet of magic regeneration
HPRegen  0.68/turn              O - ring "Guebocup" {Wiz rF+ Int+3 Dex+2}
MPRegen  0.54/turn              f - +5 ring of protection

@: berserking, about to teleport, constricted, very quick
A: breathe lightning, unfitting armour, big wings, berserk 1, robust 1,
electricity resistance, cold-blooded, AC +11
}: 2/15 runes: decaying, serpentine
a: Breathe Lightning, Fly, Renounce Religion


You were on level 5 of the Vaults.
You worshipped Vehumet.
Vehumet was exalted by your worship.
You were not hungry.

You visited 9 branches of the dungeon, and saw 43 of its levels.

You collected 5363 gold pieces.
You spent 3095 gold pieces at shops.

Inventory:

Hand Weapons
 b - the +10 long sword of Chagrin (weapon) {flame, MR+}
   (You found it on level 1 of the Snake Pit)

   It has been specially enchanted to burn those struck by it, causing extra
   injury to most foes and up to half again as much damage against particularly
   susceptible opponents.
   Big, fiery blades are also staple armaments of hydra-hunters.
   It affects your resistance to hostile enchantments.
Missiles
 e - 1228 stones (quivered)
 t - 3 throwing nets
Armour
 i - the +2 shield of Resistance (worn) {rF+ rC+ MR+}
   (You bought it in a shop on level 11 of the Dungeon)

   It protects you from fire.
   It protects you from cold.
   It affects your resistance to hostile enchantments.
 k - a +2 cloak (worn)
 y - a +2 pair of gloves (worn)
 I - a +2 pair of boots of running (worn)
 K - the +2 pair of boots of the Comet {SInv}
   (You found it on level 9 of the Dungeon)

   It lets you see invisible.
Magical Staves
 a - an uncursed staff of power
 c - an uncursed staff of poison
 R - an uncursed staff of wizardry
 Y - an uncursed staff of conjuration
Jewellery
 f - a +5 ring of protection (right hand)
 E - an uncursed ring of protection from fire
 M - an amulet of magic regeneration (around neck)
 O - the ring "Guebocup" (left hand) {Wiz rF+ Int+3 Dex+2}
   (You found it on level 10 of the Dungeon)

   [ring of wizardry]

   It improves your spell success rate.
   It affects your intelligence (+3).
   It affects your dexterity (+2).
   It protects you from fire.
 P - the ring of Rigacvu {rN++ Str+2 SInv}
   (You found it on level 10 of the Dungeon)

   [ring of strength]

   It affects your strength (+2).
   It greatly protects you from negative energy.
   It lets you see invisible.
 U - an uncursed ring of ice
Wands
 v - a wand of digging (14)
 C - a wand of flame (89)
 H - a wand of iceblast (23)
 Q - a wand of paralysis (73)
Scrolls
 d - 3 scrolls of summoning
 g - 8 scrolls of teleportation
 j - 2 scrolls of fear
 n - 4 scrolls of magic mapping
 o - 5 scrolls of immolation
 p - 3 scrolls of vulnerability
 q - 20 scrolls of remove curse
 s - 5 scrolls of amnesia
 w - a scroll of holy word
 D - 7 scrolls of identify
 G - 2 scrolls of enchant armour
 N - 2 scrolls of fog
 W - a scroll of silence
Potions
 l - 2 potions of berserk rage
 m - 6 potions of brilliance
 u - 2 potions of resistance
 x - 2 potions of magic
 z - 4 potions of agility
 B - 13 potions of curing
 F - 2 potions of cancellation
 J - a potion of lignification
 L - 4 potions of haste
 S - 3 potions of invisibility
 T - 4 potions of might
 V - 7 potions of mutation
Miscellaneous
 r - a box of beasts
 X - a lightning rod (4/4)
Comestibles
 Z - 4 rations


   Skills:
 + Level 19.6 Fighting
 - Level 14.1 Dodging
 - Level 1.7 Stealth
 - Level 15.0 Shields
 + Level 18.9 Spellcasting
 + Level 16.5 Conjurations
 - Level 6.3 Summonings
 - Level 16.6 Fire Magic
 - Level 7.7 Ice Magic
 - Level 5.7 Earth Magic


You had 12 spell levels left.
You knew the following spells:

 Your Spells              Type           Power        Failure   Level  Hunger
a - Freeze                Ice            ####         1%          1    None
b - Blink                 Tloc           N/A          1%          2    None
c - Summon Lightning Spi  Summ/Air       #####...     1%          4    None
d - Flame Tongue          Conj/Fire      #####        0%          1    None
e - Throw Icicle          Conj/Ice       ######..     1%          4    None
f - Sticky Flame          Conj/Fire      #######.     0%          4    None
g - Bolt of Magma         Conj/Fire/Erth #######...   1%          5    None
h - Iron Shot             Conj/Erth      ######....   1%          6    ##.....
i - Orb of Destruction    Conj           #######...   1%          7    ####...
j - Fireball              Conj/Fire      #######...   1%          5    None
k - Ignition              Fire           #######...   1%          8    ######.

Your spell library contained the following spells:

 Spells                   Type           Power        Failure   Level  Hunger
 Lehudib's Crystal Spear  Conj/Erth      ######....   13%         8    ######.
 Glaciate                 Conj/Ice       ######....   69%         9    #######
 Tornado                  Air            ####......   100%        9    #######
 Magic Dart               Conj           ####         0%          1    None
 Searing Ray              Conj           ######       0%          2    None
 Throw Flame              Conj/Fire      ######       0%          2    None
 Throw Frost              Conj/Ice       ######       0%          2    None
 Conjure Flame            Conj/Fire      #######.     0%          3    None
 Iskenderun's Mystic Bla  Conj           #######.     0%          4    None
 Confusing Touch          Hex            ####..       1%          1    None
 Shock                    Conj/Air       ####         1%          1    None
 Summon Small Mammal      Summ           ####         1%          1    None
 Call Imp                 Summ           ######..     1%          2    None
 Poisonous Vapours        Pois/Air       ####..       1%          2    None
 Slow                     Hex            ####....     1%          2    None
 Sublimation of Blood     Necr           ####......   1%          2    None
 Swiftness                Chrm/Air       ####....     1%          2    None
 Call Canine Familiar     Summ           ######..     1%          3    None
 Dazzling Spray           Conj/Hex       ######       1%          3    None
 Ignite Poison            Fire/Tmut/Pois ######..     1%          3    None
 Mephitic Cloud           Conj/Pois/Air  ######..     1%          3    None
 Ozocubu's Armour         Chrm/Ice       #####...     1%          3    None
 Static Discharge         Conj/Air       ######..     1%          3    None
 Summon Guardian Golem    Hex/Summ       #####...     1%          3    None
 Force Lance              Conj/Tloc      ######..     1%          4    None
 Fulminant Prism          Conj/Hex       ######....   1%          4    None
 Ice Form                 Ice/Tmut       #####...     1%          4    None
 Summon Ice Beast         Ice/Summ       ######..     1%          4    None
 Irradiate                Conj/Tmut      ######....   1%          5    None
 Iskenderun's Battlesphe  Conj/Chrm      ######..     1%          5    None
 Lightning Bolt           Conj/Air       ######....   1%          5    None
 Venom Bolt               Conj/Pois      ######....   1%          5    None
 Bolt of Cold             Conj/Ice       ######....   1%          6    ##.....
 Bolt of Fire             Conj/Fire      #######...   1%          6    ##.....
 Freezing Cloud           Conj/Ice/Air   ######....   1%          6    ##.....
 Ozocubu's Refrigeration  Ice            ######....   1%          6    ##.....
 Spellforged Servitor     Conj/Summ      ######....   1%          7    ####...
 Confuse                  Hex            ####....     2%          3    None
 Gell's Gravitas          Tloc           ####......   2%          3    None
 Airstrike                Air            ####......   2%          4    None
 Petrify                  Tmut/Erth      #####...     2%          4    None
 Metabolic Englaciation   Hex/Ice        #####.....   4%          5    None
 Yara's Violent Unravell  Hex/Tmut       ####......   5%          5    None
 Alistair's Intoxication  Tmut/Pois      ####....     19%         5    None
 Ring of Flames           Chrm/Fire      ######....   19%         7    ####...
 Simulacrum               Ice/Necr       #####.....   21%         6    ##.....
 Statue Form              Tmut/Erth      #####....    32%         6    ##.....
 Hydra Form               Tmut           ####......   69%         6    ##.....
 Dragon Form              Tmut           ####......   99%         7    ####...


Dungeon Overview and Level Annotations

Branches:
Dungeon (15/15)            Temple (1/1) D:4            Lair (6/6) D:10
  Swamp (4/4) Lair:2        Snake (4/4) Lair:2        Slime (0/5) Lair:6
    Orc (2/2) D:12            Elf (2/3) Orc:2        Vaults (5/5) D:13
  Crypt (0/3) Vaults:3     Depths (4/5) D:15

Altars:
Ashenzari
Cheibriados
Dithmenos
Fedhas
Gozag
Kikubaaqudgha
Nemelex Xobeh
Okawaru
Qazlal
Ru
Sif Muna
Trog
Vehumet
Xom
Zin
The Shining One
Jiyva

Shops:
D:4 }([   D:8 (   D:11 [   D:15 (   Orc:1 }   Orc:2 !:[**   Elf:1 !}[   Elf:2 (

Portals:
Hell: Depths:1 Depths:2 Depths:3 Depths:4
Abyss: Depths:4
Pandemonium: Depths:2 Depths:3
Ziggurat: Depths:3
Trove: D:12 (give 16 scrolls of identify)

Annotations:
D:2 Sigmund
D:10 2 runed doors
Depths:4 exclusion: 4 doors


Innate Abilities, Weirdness & Mutations

You can breathe wild blasts of lightning.
Your glossy black scales are hard. (AC +11)
You cannot fit into any form of body armour.
Your large and strong wings let you fly indefinitely.
You are resistant to electric shocks. (rElec)
You are cold-blooded and may be slowed by cold attacks.
You tend to lose your temper in combat.
You are robust. (+10% HP)


Message History

The tentacled monstrosity closely misses you.
* * * LOW HITPOINT WARNING * * *
The tentacled monstrosity constricts you.
You feel your magic capacity decrease.
The +10 long sword of Chagrin {flame, MR+} bursts into flame!
b - the +10 long sword of Chagrin (weapon)
{flame, MR+} You feel a strong urge to attack something.
The titan hits you but does no damage.
You slash the ancient lich! You burn the ancient lich.
You destroy the ancient lich!
Vehumet accepts your kill.
The tentacled monstrosity completely misses you.
The tentacled monstrosity tentacle-slaps you!
* * * LOW HITPOINT WARNING * * *
You block the tentacled monstrosity's attack.
The tentacled monstrosity constricts you.
You slash the tentacled monstrosity! You burn the tentacled monstrosity.
The tentacled monstrosity is almost dead.
The titan hits you!!
You die...

**,,**,**,,#.....#.C..#,,,,,,,,*,
*,,,,,,,*#......##....#,****,,,**
,,,,,,,*#.C....###....#,,,,***,,*
,*,,,,*#..T..$..*#.C..#,,,,,,**,*
**,,,**..#......,#....#,,,,,,,*,,
*,,,**,.###.....##....#,,,,,,,**,
**,**,,** ##...###..p.#*,,,...,*,
,***,,,,*##....X##....#*,,,...,*,
,,*,,,,,.#....OC@#....#*,.....,**
,,,,,,,,......eC##*...#**.....,,*
,,,,,,,,.....C.###..†Q#*#.....,,*
,,,,,,,,......).##..2.##....(.,,,
,*,,,*,,.#...#...#..L(#.).#*,,,,,
***,***,*##.###..[L[[....#*****,,
################.†p[u[.[#########
........D.......)[..).[(.[.......
..p..D.2L.......[.)<<.([)........


You could see a tentacled monstrosity, a titan, 3 ettins, a deep troll, a deep
elf mage and an ogre.

Vanquished Creatures
  Mara (Vaults:4)
  A juggernaut (Depths:2)
  An ancient lich (Vaults:5)
  Sojobo (Depths:3)
  Frederick (Vaults:4)
  Saint Roka (Vaults:4)
  A caustic shrike (Depths:2)
  2 golden dragons
  Jory (Vaults:2)
  4 tentacled monstrosities
  3 liches
  A deep elf blademaster (Elf:2)
  4 titans
  5 acid blobs (Depths:1)
  A sphinx (Vaults:5)
  4 thorn hunters
  7 tengu reavers
  Roxanne (Elf:2)
  A revenant (Vaults:3)
  6 shadow dragons
  9 nagarajas
  3 storm dragons
  8 azure jellies (Depths:1)
  2 fire giants (Depths:2)
  5 deep elf sorcerers
  9 vault wardens
  A balrug (Depths:2)
  9 frost giants
  An iron dragon (Depths:2)
  Louise (Snake:3)
  A deep elf elementalist (Vaults:5)
  14 ironheart preservers
  15 very ugly things
  5 vampire knights
  13 stone giants
  A deep elf demonologist (Depths:3)
  Nessos (D:14)
  Azrael (Snake:3)
  9 spark wasps
  2 deep elf annihilators
  4 death oozes (Depths:1)
  Snorg (D:12)
  The ghost of Caaffuqiox the Carver, a journeyman MfGl of Cheibriados (Lair:3)
  The ghost of ilii the Summoner, a journeyman DESu of Sif Muna (Orc:2)
  9 ettins
  2 deep elf death magi
  An eidolon (Vaults:3)
  Josephine (D:15)
  11 fire dragons
  A ragged hierophant (Vaults:2)
  The ghost of MisterFreud the Grappler, a journeyman TrHu of Okawaru (D:14)
  6 great orbs of eyes
  26 vault guards
  5 yaktaur captains
  8 ice dragons
  27 hydras
  A ghost crab (Swamp:3)
  A merfolk avatar (Lair:6)
  3 rakshasas
  10 centaur warriors
  12 naga warriors
  4 anacondas
  14 ogre magi
  5 spriggan air magi
  Erica (D:8)
  7 tengu warriors
  7 alligators
  A satyr (shapeshifter) (Vaults:5)
  37 two-headed ogres
  5 death yaks
  7 deep troll shamans
  16 dancing weapons
  3 orc high priests (Orc:2)
  5 shock serpents
  A spriggan berserker (Depths:2)
  8 deep troll earth magi
  14 naga sharpshooters
  4 iron trolls
  The ghost of Dustman the Cleaver, a novice HOGl of Makhleb (D:5)
  The ghost of Nr616 the Grappler, a novice TrMo (D:6)
  12 deep elf knights
  A soul eater (Vaults:3)
  7 hell knights
  A skeletal warrior (Vaults:2)
  A salamander mystic (Snake:2)
  A shadow demon (Depths:2)
  A torturous demonspawn (Depths:2)
  20 deep trolls
  6 unseen horrors
  A deep troll (shapeshifter) (Vaults:5)
  A flayed ghost (Vaults:4)
  4 spriggan druids
  11 deep elf archers
  3 glowing orange brains
  4 wizards
  The ghost of Ratty the Quickloader, a novice MiHu (D:6)
  7 phantasmal warriors
  An infernal demonspawn (Depths:2)
  3 naga ritualists
  8 swamp dragons
  The ghost of MisterFreud the Fighter, a novice HOMo of Beogh (D:6)
  A death drake (shapeshifter) (Elf:2)
  5 harpies
  An orange crystal statue (Depths:1)
  15 ironbrand convokers
  Pikel (D:6)
  3 lindwurms
  6 wolf spiders
  4 mana vipers
  A lindwurm (shapeshifter) (Vaults:2)
  A tengu zombie (Vaults:1)
  46 ugly things
  18 orc knights
  2 necromancers (Vaults:1)
  48 deep elf magi
  3 oklob plants (Snake:3)
  8 cyclopes
  A frost giant zombie (Vaults:1)
  11 salamanders
  5 orc sorcerers
  The ghost of Erlindor the Fighter, a novice GrAK of Lugonu (D:6)
  A wolf spider (shapeshifter) (D:14)
  2 manticores
  A cyclops (shapeshifter) (Vaults:5)
  A human zombie (Vaults:1)
  7 elephants
  4 guardian serpents
  A water nymph (shapeshifter) (Depths:3)
  A guardian serpent (shapeshifter) (Vaults:2)
  12 vault sentinels
  18 naga magi
  A torpor snail (Lair:4)
  34 black mambas
  2 gargoyles
  19 spiny frogs
  2 kobold demonologists
  The ghost of Twixt the Magician, a novice DrWz (D:6)
  A rime drake (shapeshifter) (D:15)
  7 hellwings
  17 komodo dragons
  37 yaktaurs
  An ice devil (Depths:2)
  2 efreet
  A komodo dragon (shapeshifter) (Vaults:2)
  7 freezing wraiths
  3 rime drakes
  3 red devils (Depths:3)
  A troll (shapeshifter) (Vaults:4)
  A harpy zombie (Vaults:1)
  8 trolls
  A wind drake (shapeshifter) (D:15)
  3 tengu conjurers
  4 polar bears (Lair:6)
  A harpy skeleton (D:14)
  A wolf spider simulacrum (D:15)
  18 hornets
  13 tyrant leeches
  2 saltlings (Vaults:2)
  8 hippogriffs
  A human simulacrum (Vaults:1)
  7 blink frogs
  4 bog bodies
  63 slime creatures
  A sphinx simulacrum (Vaults:1)
  A stone giant simulacrum (Vaults:3)
  An ice dragon zombie (Vaults:1)
  2 hippogriffs (shapeshifter)
  2 vampires (D:12)
  17 spriggans
  A spriggan (shapeshifter) (D:15)
  2 shadows
  5 wyverns
  6 water elementals
  A hog (shapeshifter) (Vaults:2)
  22 yaks
  6 wraiths
  A basilisk (shapeshifter) (Depths:2)
  3 fire elementals (Snake:3)
  4 fire bats
  28 vampire mosquitoes
  2 hungry ghosts
  A basilisk (D:10)
  A neqoxec (Depths:2)
  A harpy simulacrum (D:15)
  8 insubstantial wisps
  17 swamp worms
  6 wargs
  67 nagas
  5 acid dragons
  4 hell hounds
  8 water moccasins
  A floating eye (Depths:3)
  2 slaves
  10 swamp drakes
  35 orc warriors
  14 porcupines
  A black bear (D:9)
  9 ice beasts
  An eye of draining (D:13)
  3 hornet zombies
  An ogre (shapeshifter) (D:12)
  6 phantoms
  3 sky beasts
  An elf zombie (Vaults:1)
  A necrophage (D:9)
  36 ogres
  7 boggarts
  An eye of draining (shapeshifter) (Vaults:1)
  A boggart (shapeshifter) (Vaults:5)
  21 centaurs
  14 crocodiles
  6 big kobolds
  13 bullfrogs
  3 earth elementals
  2 wyvern zombies (D:7)
  A water moccasin zombie (D:5)
  A wyvern skeleton (D:13)
  2 scorpions
  10 killer bees
  13 wights
  5 centaur zombies
  2 howler monkeys (D:10)
  9 crimson imps
  4 bullfrog zombies
  2 quasits
  24 orc priests
  6 hounds
  2 gnoll shamans
  8 jellies
  3 bullfrog skeletons
  An iron imp (Depths:2)
  4 centaur skeletons
  6 iguanas
  Natasha (D:2)
  39 orc wizards
  14 worker ants
  Terence (D:3)
  A hound zombie (D:9)
  2 hound skeletons
  A howler monkey skeleton (D:11)
  13 gnolls
  7 adders
  5 shadow imps
  3 adder zombies
  3 worms
  4 dart slugs
  6 leopard geckos
  103 orcs
  3 bat zombies (D:8)
  9 giant cockroaches
  7 goblins
  13 hobgoblins
  6 jackals
  13 kobolds
  3 quokkas
  12 bats
  4 frilled lizards
  2 quokka zombies
  5 rats
  A rat zombie (D:8)
  A butterfly (Lair:2)
  A fungus (Lair:6)
  A plant (Lair:2)
1830 creatures vanquished.

Vanquished Creatures (collateral kills)
  A deep elf sorcerer (Vaults:3)
  A vault warden (Vaults:4)
  An ironheart preserver (Vaults:4)
  A vault guard (Vaults:2)
  A two-headed ogre (D:9)
  A deep troll shaman (Depths:1)
  A fire crab (shapeshifter) (Vaults:2)
  5 oklob plants
  2 ugly things (Vaults:3)
  A komodo dragon (Lair:3)
  A queen bee (D:8)
  A hornet (D:9)
  A troll (D:9)
  2 blink frogs (Lair:2)
  A yak (Lair:2)
  A warg (Vaults:4)
  An ogre (D:9)
  2 crocodiles
  A bullfrog (Lair:3)
  A scorpion (D:9)
  9 killer bees
  A hound (D:10)
  An orc wizard (D:9)
  A gnoll (D:9)
  2 adders
  A butterfly (Lair:2)
42 creatures vanquished.

Vanquished Creatures (others)
  2 fire giants (Depths:2)
  A deep troll (Vaults:3)
  A hippogriff (D:10)
  A wyvern (D:10)
  An eye of draining (shapeshifter) (D:10)
  A centaur (Depths:3)
  A scorpion (D:10)
  A quasit (D:13)
  A jelly (D:10)
  An orc priest (Orc:2)
  A killer bee zombie (D:10)
  A gnoll (D:6)
  3 orcs
  36 fungi
  22 plants
  6 toadstools (Swamp:1)
80 creatures vanquished.

Grand Total: 1952 creatures vanquished

Notes
Turn   | Place    | Note
-------+----------+-------------------------------------------
     0 | D:1      | toffzen the Draconian Ice Elementalist began the quest for
                  | the Orb.
     0 | D:1      | Reached XP level 1. HP: 14/14 MP: 3/3
   199 | D:1      | Reached XP level 2. HP: 22/22 MP: 3/5
   203 | D:1      | Learned a level 2 spell: Throw Frost
   243 | D:1      | Reached skill level 1 in Fighting
  1090 | D:1      | Reached XP level 3. HP: 22/28 MP: 0/6
  1416 | D:2      | Reached skill level 2 in Fighting
  1643 | D:1      | Reached XP level 4. HP: 33/36 MP: 8/8
  2009 | D:2      | Noticed Sigmund
  2073 | D:2      | Reached XP level 5. HP: 44/44 MP: 2/9
  2140 | D:2      | Learned a level 4 spell: Summon Ice Beast
  2564 | D:2      | Noticed Natasha
  2576 | D:2      | Killed Natasha
  2576 | D:2      | Reached skill level 3 in Fighting
  3429 | D:3      | Noticed Terence
  3443 | D:3      | Killed Terence
  3443 | D:3      | Reached skill level 1 in Summonings
  4090 | D:4      | Found Tauhuasu's Food Shoppe.
  4208 | D:4      | Found Daomar Gocu's Gadget Shoppe.
  4254 | D:4      | Reached XP level 6. HP: 51/51 MP: 6/11
  4294 | D:4      | Found a glowing golden altar of the Shining One.
  4353 | D:4      | Found Xonasam's Antique Armour Boutique.
  4394 | D:4      | Found Luemif's Antique Weapon Shoppe.
  4485 | D:4      | Found a staircase to the Ecumenical Temple.
  4491 | Temple   | Entered the Ecumenical Temple
  4509 | Temple   | Became a worshipper of Vehumet
  4575 | D:5      | Entered Level 5 of the Dungeon
  5010 | D:5      | Reached skill level 4 in Fighting
  5010 | D:5      | Reached skill level 5 in Ice Magic
  5010 | D:5      | Your scales start taking on a glossy black colour.
  5010 | D:5      | Reached XP level 7. HP: 59/59 MP: 4/13
  5010 | D:5      | Gained mutation: You are resistant to electric shocks.
                  | (rElec) [Black Draconian growth]
  5522 | D:5      | Found a transporter.
  5653 | D:5      | Found an opulent altar of Gozag.
  5661 | D:5      | Found a snail-covered altar of Cheibriados.
  5672 | D:5      | Found a deep blue altar of Sif Muna.
  5700 | D:5      | Found a transporter.
  5700 | D:5      | Noticed Dustman's ghost (novice HOGl)
  6158 | D:6      | Noticed Pikel
  6332 | D:6      | Reached skill level 5 in Fighting
  6413 | D:6      | Reached XP level 8. HP: 68/68 MP: 5/15
  6545 | D:6      | Found a runed gate.
  6545 | D:6      | Found a runed gate.
  6545 | D:6      | Found a runed gate.
  6569 | D:6      | Killed Pikel
  6569 | D:6      | Reached skill level 5 in Spellcasting
  6580 | D:6      | Reached * piety under Vehumet
  6580 | D:6      | Offered knowledge of Flame Tongue by Vehumet.
  6585 | D:5      | Learned a level 1 spell: Flame Tongue
  6936 | D:6      | Found a stormy altar of Qazlal.
  6968 | D:6      | Found a sparkling altar of Nemelex Xobeh.
  6968 | D:6      | Found a shimmering altar of Xom.
  7185 | D:6      | Noticed Nr616's ghost (novice TrMo)
  7185 | D:6      | Noticed Twixt's ghost (novice DrWz)
  7185 | D:6      | Noticed MisterFreud's ghost (novice HOMo)
  7186 | D:6      | Noticed Erlindor's ghost (novice GrAK)
  7186 | D:6      | Noticed Ratty's ghost (novice MiHu)
  7198 | D:6      | Reached skill level 1 in Fire Magic
  7637 | D:7      | Reached skill level 6 in Fighting
  8205 | D:7      | Reached skill level 5 in Summonings
  8280 | D:7      | Reached XP level 9. HP: 72/75 MP: 17/17
  8372 | D:7      | Offered knowledge of Shock by Vehumet.
  8548 | D:7      | Found a shadowy altar of Dithmenos.
  8577 | D:7      | Reached ** piety under Vehumet
 10414 | D:8      | Found Wauhuzoics's Antique Weapon Boutique.
 10419 | D:8      | Noticed Erica
 10438 | D:8      | Killed Erica
 10438 | D:8      | Reached skill level 7 in Fighting
 11019 | D:8      | Noticed a queen bee
 11042 | D:8      | Killed a queen bee
 11681 | D:8      | Reached XP level 10. HP: 71/86 MP: 11/20
 11940 | D:8      | Found an ancient bone altar of Kikubaaqudgha.
 12825 | D:9      | Reached skill level 8 in Fighting
 13291 | D:9      | Offered knowledge of Ignite Poison by Vehumet.
 13544 | D:9      | Found a sacrificial altar of Ru.
 13807 | D:9      | Reached *** piety under Vehumet
 14633 | D:9      | Noticed a two-headed ogre
 14856 | D:9      | Killed a two-headed ogre
 14856 | D:9      | Reached skill level 9 in Fighting
 14956 | D:9      | Got a pair of heavily runed boots
 14962 | D:9      | Identified the +2 pair of boots of the Comet {SInv} (You
                  | found it on level 9 of the Dungeon)
 15113 | D:10     | Entered Level 10 of the Dungeon
 15214 | D:10     | Learned a level 4 spell: Throw Icicle
 15482 | D:10     | Offered knowledge of Sticky Flame by Vehumet.
 15497 | D:10     | Learned a level 4 spell: Sticky Flame
 15782 | D:10     | Noticed a cyclops
 15791 | D:10     | Identified the ring of Kaumenweana {rElec rC+}
 15791 | D:10     | Noticed a deep elf mage
 15803 | D:9      | Killed a deep elf mage
 15989 | D:10     | Reached XP level 11. HP: 97/97 MP: 15/23
 16481 | D:10     | Found a shimmering altar of Xom.
 16542 | D:10     | Reached skill level 5 in Dodging
 17651 | D:10     | Found a runed door.
 17655 | D:10     | Found a runed door.
 17656 | D:10     | Got a slimy marble ring
 17665 | D:10     | Identified the ring "Quxy" {*Contam +Fly Str+6 Dex+5} (You
                  | found it on level 10 of the Dungeon)
 17681 | D:10     | Got a glittering pewter ring
 17683 | D:10     | Identified the ring of Rigacvu {rN++ Str+2 SInv} (You found
                  | it on level 10 of the Dungeon)
 17695 | D:10     | Found a runed door.
 17707 | D:10     | Noticed a mana viper
 17709 | D:10     | Got a flickering silver ring
 17717 | D:10     | Identified the ring "Guebocup" {Wiz rF+ Int+3 Dex+2} (You
                  | found it on level 10 of the Dungeon)
 17740 | D:10     | Reached skill level 10 in Fighting
 17801 | D:10     | Reached **** piety under Vehumet
 17931 | D:10     | Found a staircase to the Lair.
 18377 | Lair:1   | Entered Level 1 of the Lair of Beasts
 18463 | D:10     | Gained mutation: You do not regenerate when monsters are
                  | visible. [mutagenic glow]
 18963 | Lair:1   | Lost mutation: You do not regenerate when monsters are
                  | visible. [potion of mutation]
 18963 | Lair:1   | Gained mutation: You tend to lose your temper in combat.
                  | [potion of mutation]
 18963 | Lair:1   | Gained mutation: You are robust. (+10% HP) [potion of
                  | mutation]
 19148 | Lair:1   | Offered knowledge of Bolt of Magma by Vehumet.
 19160 | Lair:1   | Learned a level 5 spell: Bolt of Magma
 20038 | Lair:2   | Found a staircase to the Snake Pit.
 20114 | Lair:2   | Reached skill level 1 in Earth Magic
 20196 | Lair:2   | Found a staircase to the Swamp.
 20282 | Lair:2   | Noticed an eight-headed hydra
 20445 | Lair:2   | Reached skill level 5 in Fire Magic
 20636 | Lair:2   | Killed an eight-headed hydra
 21057 | Lair:1   | Reached XP level 12. HP: 73/118 MP: 5/25
 21226 | Lair:2   | Reached skill level 5 in Conjurations
 21889 | Lair:3   | Noticed a four-headed hydra
 21961 | Lair:3   | Upgraded the game from 0.23-a0-550-g7de1f8e to
                  | 0.23-a0-558-g30802b1
 21972 | Lair:3   | Noticed a seven-headed hydra
 22476 | Lair:3   | Killed a seven-headed hydra
 22476 | Lair:3   | Reached skill level 11 in Fighting
 23043 | Lair:3   | Killed a four-headed hydra
 23985 | Lair:4   | Found a runed gate.
 23989 | Lair:4   | Found a runed gate.
 23993 | Lair:4   | Found a runed gate.
 23993 | Lair:4   | Noticed Caaffuqiox's ghost (journeyman MfGl)
 25297 | Lair:4   | Noticed a five-headed hydra
 25301 | Lair:4   | Killed a five-headed hydra
 25614 | Lair:4   | Found a viscous altar of Jiyva.
 26142 | Lair:5   | Noticed a death yak
 26266 | Lair:5   | Noticed a death yak
 26543 | Lair:5   | Noticed a death yak
 26545 | Lair:5   | Noticed a death yak
 26571 | Lair:5   | Killed a death yak
 26571 | Lair:5   | Reached XP level 13. HP: 128/128 MP: 5/26
 29359 | Lair:6   | Entered Level 6 of the Lair of Beasts
 29896 | Lair:6   | Reached skill level 12 in Fighting
 32026 | Lair:6   | Reached ***** piety under Vehumet
 32256 | Lair:6   | Reached skill level 10 in Spellcasting
 32348 | Lair:6   | Found a staircase to the Slime Pits.
 32554 | Lair:6   | Offered knowledge of Iron Shot by Vehumet.
 32562 | Lair:6   | Learned a level 6 spell: Iron Shot
 33451 | D:11     | Found Yheomil's Armour Boutique.
 33458 | D:11     | Bought a +0 pair of gloves for 67 gold pieces
 35064 | D:12     | Found a portal to a secret trove of treasure.
 35133 | D:12     | Gained mutation: Your large and strong wings let you fly
                  | indefinitely. [Black Draconian growth]
 35133 | D:12     | Reached XP level 14. HP: 139/139 MP: 9/28
 35273 | D:12     | Reached skill level 1 in Shields
 35916 | D:12     | Found a staircase to the Orcish Mines.
 36049 | D:12     | Found the +12 Vampire's Tooth {vamp}
 36233 | D:12     | Noticed Snorg
 36245 | D:12     | Killed Snorg
 36490 | D:12     | Offered knowledge of Ozocubu's Refrigeration by Vehumet.
 36741 | D:12     | Reached skill level 13 in Fighting
 36876 | D:13     | Noticed an ironheart preserver
 37103 | D:13     | Reached skill level 5 in Earth Magic
 37291 | D:13     | Killed an ironheart preserver
 38353 | D:13     | Found a gate to the Vaults.
 38924 | D:14     | Noticed Nessos
 38934 | D:14     | Killed Nessos
 39767 | D:14     | Found a runed gate.
 39768 | D:14     | Found a runed gate.
 39768 | D:14     | Found a runed gate.
 39768 | D:14     | Noticed MisterFreud's ghost (journeyman TrHu)
 40054 | D:14     | Found a sacrificial altar of Ru.
 40136 | D:14     | Reached skill level 5 in Shields
 41084 | D:14     | Got an encrusted hand crossbow
 41312 | D:14     | Identified the +9 hand crossbow of Defiance {flame, Int+6
                  | Dex-4} (You found it on level 14 of the Dungeon)
 41336 | D:15     | Entered Level 15 of the Dungeon
 41336 | D:15     | Found Obielafa's Antique Weapon Emporium.
 41762 | D:15     | Noticed Josephine
 41766 | D:15     | Killed Josephine
 41766 | D:15     | Reached XP level 15. HP: 113/149 MP: 5/29
 41879 | D:15     | Offered knowledge of Iskenderun's Battlesphere by Vehumet.
 44073 | D:15     | Reached skill level 10 in Shields
 45283 | D:15     | Found a staircase to the Depths.
 45657 | Snake:1  | Entered Level 1 of the Snake Pit
 47653 | Snake:1  | Learned a level 7 spell: Orb of Destruction
 47658 | Snake:1  | Identified the +10 long sword of Chagrin {flame, MR+} (You
                  | found it on level 1 of the Snake Pit)
 48068 | D:11     | Bought the +2 shield of Resistance {rF+ rC+ MR+} for 616
                  | gold pieces
 48068 | D:11     | Found the +2 shield of Resistance {rF+ rC+ MR+}
 48574 | Snake:2  | Offered knowledge of Lee's Rapid Deconstruction by Vehumet.
 49350 | Snake:2  | Reached XP level 16. HP: 158/158 MP: 27/30
 51201 | Snake:3  | Noticed Azrael
 51448 | Snake:3  | Noticed Louise
 51848 | Snake:3  | Killed Louise
 53223 | Snake:3  | Killed Azrael
 54330 | Snake:4  | Entered Level 4 of the Snake Pit
 54369 | Snake:4  | Upgraded the game from 0.23-a0-558-g30802b1 to
                  | 0.23-a0-565-g3e74e4c
 54369 | Snake:4  | Upgraded the game from 0.23-a0-565-g3e74e4c to
                  | 0.23-a0-577-g2b1de94
 54596 | Snake:4  | Reached skill level 15 in Shields
 54678 | Snake:4  | Reached skill level 10 in Conjurations
 55744 | Snake:4  | Reached skill level 10 in Dodging
 56226 | Snake:4  | Offered knowledge of Poison Arrow by Vehumet.
 56565 | Snake:4  | Reached skill level 14 in Fighting
 58304 | Snake:4  | Reached XP level 17. HP: 100/167 MP: 2/32
 58970 | Snake:4  | Got a serpentine rune of Zot
 59178 | Swamp:1  | Entered Level 1 of the Swamp
 59555 | Orc:1    | Entered Level 1 of the Orcish Mines
 59820 | Orc:2    | Entered Level 2 of the Orcish Mines
 60006 | Orc:2    | Offered knowledge of Conjure Ball Lightning by Vehumet.
 60139 | Orc:2    | Found a runed door.
 60153 | Orc:2    | Noticed ilii's ghost (journeyman DESu)
 60551 | Orc:2    | Found a staircase to the Elven Halls.
 61207 | Orc:1    | Found Rayskut's Gadget Boutique.
 61431 | Orc:2    | Found Pacri's Distillery.
 61439 | Orc:2    | Bought a potion of magic for 104 gold pieces
 61439 | Orc:2    | Bought 2 potions of magic for 208 gold pieces
 62260 | Orc:2    | Found Ylyss's Armour Shop.
 62260 | Orc:2    | Found Buihupt's Book Emporium.
 62262 | Orc:2    | Found Tutaupon's General Store.
 62262 | Orc:2    | Found Ogops's Assorted Antiques.
 62284 | Orc:2    | Bought a book of Fire for 975 gold pieces
 62290 | Orc:2    | Learned a level 5 spell: Fireball
 62735 | Swamp:1  | Offered knowledge of Conjure Ball Lightning by Vehumet.
 63831 | Swamp:1  | Learned a level 2 spell: Blink
 63864 | Swamp:1  | Got a pair of faintly glowing boots
 63875 | Swamp:1  | Identified the -4 pair of boots of Levity {*Slow rN+ MR+
                  | Regen+} (You found it on level 1 of the Swamp)
 64898 | Swamp:2  | Reached skill level 15 in Fighting
 66667 | Swamp:3  | Reached ****** piety under Vehumet
 67402 | Swamp:4  | Entered Level 4 of the Swamp
 67539 | Swamp:4  | Offered knowledge of Lehudib's Crystal Spear by Vehumet.
 67539 | Swamp:4  | Offered knowledge of Glaciate by Vehumet.
 67539 | Swamp:4  | Offered knowledge of Tornado by Vehumet.
 67836 | Swamp:3  | Reached XP level 18. HP: 152/179 MP: 28/34
 70166 | Swamp:4  | Got a decaying rune of Zot
 70420 | Vaults:1 | Entered Level 1 of the Vaults
 71756 | Vaults:1 | Reached skill level 10 in Fire Magic
 73329 | Vaults:2 | Noticed Jory
 73337 | Vaults:2 | Killed Jory
 73337 | Vaults:2 | Reached skill level 16 in Fighting
 73513 | Vaults:2 | Upgraded the game from 0.23-a0-577-g2b1de94 to
                  | 0.23-a0-619-g281719c
 74029 | Vaults:2 | Learned a level 4 spell: Summon Lightning Spire
 74469 | Vaults:2 | Reached XP level 19. HP: 189/189 MP: 36/36
 76149 | D:4      | Bought a ration for 70 gold pieces
 76149 | D:4      | Bought a ration for 70 gold pieces
 76149 | D:4      | Bought a ration for 70 gold pieces
 76149 | D:4      | Bought a ration for 70 gold pieces
 76149 | D:4      | Bought a ration for 70 gold pieces
 76149 | D:4      | Bought a ration for 70 gold pieces
 76149 | D:4      | Bought a ration for 70 gold pieces
 76149 | D:4      | Bought a ration for 70 gold pieces
 76149 | D:4      | Bought a ration for 70 gold pieces
 76149 | D:4      | Bought a ration for 70 gold pieces
 77565 | Vaults:3 | Found a staircase to the Crypt.
 78888 | Vaults:3 | Identified the +7 rapier "Reibbe" {pierce, rPois Dex+3}
 80072 | Vaults:4 | Noticed Frederick
 80079 | Vaults:4 | Killed Frederick
 80456 | Vaults:4 | Noticed Saint Roka
 80477 | Vaults:4 | Killed Saint Roka
 80887 | Vaults:4 | Reached skill level 17 in Fighting
 81561 | Vaults:4 | Noticed Mara
 81565 | Vaults:4 | Noticed toffzen's illusion
 82021 | Vaults:4 | Noticed toffzen's illusion
 82038 | Vaults:4 | Killed Mara
 82038 | Vaults:4 | Reached XP level 20. HP: 199/202 MP: 22/38
 82764 | Vaults:4 | Learned a level 8 spell: Ignition
 84347 | Elf:1    | Entered Level 1 of the Elven Halls
 85754 | Elf:1    | Found Kuqypt's Antique Armour Shop.
 85791 | Elf:1    | Found Tisor's Gadget Emporium.
 85792 | Elf:1    | Found Mokhum's Distillery.
 85902 | Elf:1    | Bought a potion of haste for 190 gold pieces
 85902 | Elf:1    | Bought a potion of haste for 190 gold pieces
 86292 | Elf:2    | Identified Roxanne's Collected Works on Transformation
 86292 | Elf:2    | Noticed Roxanne
 86395 | Elf:2    | Reached skill level 15 in Spellcasting
 86961 | Elf:2    | Found Piadywu's Weapon Shoppe.
 87033 | Elf:2    | Bought a throwing net for 45 gold pieces
 87260 | Elf:2    | Killed Roxanne
 87416 | Elf:2    | Found a runed gate.
 87416 | Elf:2    | Found a runed gate.
 87416 | Elf:2    | Found a runed gate.
 87959 | Orc:2    | Upgraded the game from 0.23-a0-619-g281719c to
                  | 0.23-a0-642-g3120c2f
 88152 | D:6      | Killed Nr616's ghost
 88152 | D:6      | Killed Twixt's ghost
 88154 | D:6      | Killed Erlindor's ghost
 88157 | D:6      | Killed MisterFreud's ghost
 88162 | D:6      | Killed Ratty's ghost
 88314 | D:5      | Killed Dustman's ghost
 88781 | D:14     | Killed MisterFreud's ghost
 89104 | Lair:3   | Killed Caaffuqiox's ghost
 89471 | Orc:2    | Killed ilii's ghost
 89771 | Depths:1 | Entered Level 1 of the Depths
 90005 | Depths:1 | Found a gateway to Hell.
 90503 | Depths:1 | Reached XP level 21. HP: 212/212 MP: 40/40
 90856 | Depths:1 | Upgraded the game from 0.23-a0-642-g3120c2f to
                  | 0.23-a0-650-ga4d50d4
 90856 | Depths:1 | Upgraded the game from 0.23-a0-650-ga4d50d4 to
                  | 0.24-a0-10-gb84795d
 91038 | D:15     | Upgraded the game from 0.24-a0-10-gb84795d to
                  | 0.24-a0-93-ge1bfdf8
 91424 | Depths:1 | Found a runed door.
 93129 | Depths:2 | Reached skill level 15 in Fire Magic
 94486 | Depths:2 | Found a one-way gate leading to the halls of Pandemonium.
 95805 | Depths:2 | Noticed a golden dragon
 95822 | Depths:2 | Killed a golden dragon
 96152 | Depths:2 | Identified a +1 pair of boots of running (You found it on
                  | level 2 of the Depths)
 96277 | Depths:3 | Noticed Sojobo
 96752 | Depths:3 | Reached XP level 22. HP: 213/221 MP: 43/43
 96754 | Depths:3 | Noticed a caustic shrike
 97484 | Depths:2 | Killed a caustic shrike
 97565 | Depths:3 | Killed Sojobo
 97872 | Depths:3 | Noticed a juggernaut
 98086 | Depths:2 | Killed a juggernaut
 98736 | Depths:3 | Identified the Grimoire of Burning Lightness
 99121 | Depths:3 | Found a gateway to a ziggurat.
 99333 | Depths:3 | Found the +8 glaive of the Guard {elec, +Rage AC+5 SInv}
 99340 | Depths:3 | Reached skill level 18 in Fighting
100140 | Depths:4 | Found a one-way gate to the infinite horrors of the Abyss.
101071 | Vaults:5 | Entered Level 5 of the Vaults
101073 | Vaults:5 | Reached skill level 15 in Conjurations
101835 | Vaults:5 | Noticed a golden dragon
101837 | Vaults:5 | Reached XP level 23. HP: 196/232 MP: 45/45
102271 | Vaults:5 | Noticed an ancient lich
102275 | Vaults:5 | Upgraded the game from 0.24-a0-93-ge1bfdf8 to
                  | 0.24-a0-108-g011bc4b
102358 | Vaults:5 | Noticed an ancient lich
102805 | Depths:1 | Reached skill level 19 in Fighting
103492 | Vaults:5 | Killed an ancient lich
103493 | Vaults:5 | Slain by a titan

Levels and vault maps discovered:
D:1:      dpeg_arrival_tiny_i, minmay_pentomino_o2
D:2:      ebering_dispersal_statue_hall, uniq_sigmund, uniq_natasha
D:3:      first_ration, uniq_terence
D:4:      marbit_many_paths, minmay_temple_entry_fiery, serial_shops, shop,
          shop, shop, shop
D:5:      minmay_overflow_temple_star_quad, gammafunk_ghost_mausoleum,
          grunt_decor_clamped
D:6:      gammafunk_temple_overflow_forgotten, gammafunk_ghost_cemetery,
          uniq_pikel
D:7:      grunt_dithmenos_smoke_and_mirrors
D:8:      lemuel_zombie_altar_kikubaaqudgha, serial_shops, shop, david_nohive_1,
          uniq_erica
D:9:      minmay_octagon_keep, serial_glass, glass_columns_a, glass_columns_b,
          nicolae_ru_great_annihilating_truth
D:10:     minmay_the_grid_triangle_9x9_recursive_2_mashed,
          due_lair_maze_entry_diamond, xom_teletrap_fun
D:11:     serial_shops, shop
D:12:     erik_orc_4, nicolae_trove_entry_crystal, hangedman_decor_opposing,
          minmay_misc_feat_nine_boxes, minmay_guarded_unrand_vampires_tooth,
          uniq_snorg
D:13:     skrybe_vaults_entry_preservation
D:14:     ebering_ghost_rock_garden, minmay_holes, basic_altar,
          minmay_misc_feat_five, minmay_radiant, uniq_josephine, uniq_nessos
D:15:     gammafunk_enter_depths_forms, serial_shops, shop, serial_park_tiny_1
Temple:   dshaligram_water_room_temple
Lair:2:   swamp_mist, guppyfry_snake_entry_island, beast_lair_carwin_1,
          lemuel_fruit_fields, lemuel_fruit_fields, lemuel_fruit_fields
Lair:3:   lemuel_fruit_tree
Lair:4:   gammafunk_ghost_ooze, worms_lemuel
Lair:5:   beast_lair_carwin_10
Lair:6:   gammafunk_lair_ancient_temple, minmay_slime_entry_oklob_enclosed
Swamp:1:  cheibrodos_swamp_tower_of_moss, evilmike_swamp_ruin_house_5
Swamp:2:  evilmike_swamp_ruin_house_4
Swamp:3:  serial_swamp_ruin, evilmike_swamp_ruin_rubble_1,
          evilmike_swamp_ruin_wall
Swamp:4:  swamp_alternative
Snake:1:  portal_ice_cave_entry_dragon
Snake:3:  dpeg_oklob_gauntlet, uniq_azrael, uniq_vashnia, uniq_louise
Snake:4:  minmay_snake_end_coiled
Orc:1:    serial_shops, nicolae_shop_crystal
Orc:2:    grunt_orc_tribal_feast, serial_shops, shop,
          ebering_ghost_reflecting_pool, gauntlet_entry_generic
Elf:1:    serial_shops, nicolae_shop_competitors_out_of_business,
          hangedman_elven_crosses_minicolossus, minmay_shoptagon
Elf:2:    serial_shops, nicolae_shop_statue_plus, uniq_roxanne
Vaults:1: ontoclasm_vaults_claustrophobia, vaults_standard_mumra_lines,
          vaults_room_door_ring, nicolae_vaults_little_squares_5,
          grunt_vaults_trifunnel, nicolae_vaults_circle_grid_b,
          vaults_mumra_hex, vaults_room_fours
Vaults:2: nicolae_vaults_network_square, hangedman_vaults_stretched_pinwheel,
          v_misc_5, vaults_room_corners, vaults_mumra_chevron,
          ontoclasm_vaults_ligature, ontoclasm_vaults_gallery,
          nicolae_vaults_sealed_display, grunt_vaults_hallway_short,
          vaults_room_grid, nicolae_vaults_shelves_hall, uniq_jory
Vaults:3: nicolae_vaults_theta, v_rooms_3, ontoclasm_vaults_hangar, v_pattern_3,
          minmay_crypt_entry_simple_round, nicolae_vaults_little_squares_1,
          nicolae_vaults_big_ls, nicolae_vaults_triangles,
          portal_desolation_entry_nicolae_nacl
Vaults:4: hangedman_vaults_corner_blocks, v_alt_pattern_1,
          nicolae_vaults_display_case, v_misc_5, ontoclasm_vaults_bender,
          v_pattern_4, nicolae_vaults_specimen_jars, vaults_room_corners,
          nicolae_vaults_twisting_passages, hangedman_vaults_pinch,
          ontoclasm_vaults_decontamination, vaults_room_pools,
          nicolae_vaults_windows_and_doors_thing, vaults_dpeg_ring, uniq_mara,
          uniq_saint_roka, uniq_frederick
Vaults:5: serial_shops
Depths:1: hell_entry, kennysheep_cluttered_room, nrook_loot_triangle,
          minivault_15, st_stairs_7, minmay_acid_items
Depths:2: cheibrodos_salmonella, layout_cave_shapes, grunt_hell_entry_dis_mu,
          rand_demon_pan_entry_3, chequers_serial_rivers_micro_c, serial_glass,
          glass_columns_a, glass_columns_c, infiniplex_staircase_pool_2
Depths:3: minmay_guarded_unrand_guard, layout_cave_shapes, enter_ziggurat_e,
          pan_entry, hellmouth_3, uniq_sojobo
Depths:4: hangedman_slaughterboxes, abyss_entry, hell_entry

Skill      XL: |  1  2  3  4  5  6  7  8  9 10 11 12 13 14 15 16 17 18 19 20 21 22 23 |
---------------+----------------------------------------------------------------------+-----
Fighting       | 1 2 3 4 5 6 7 9 10 11 12 13 14 15 16 17 18 19 | 19.6
Spellcasting   | 3 4 5 6 8 9 10 11 12 13 14 15 17 18 | 18.9
Ice Magic      | 4 5 6 7 |  7.7
Summonings     | 1 2 3 5 6 |  6.3
Fire Magic     | 2 4 5 7 8 9 10 12 14 16 | 16.6
Dodging        | 4 6 7 9 10 11 12 13 14 | 14.1
Conjurations   | 4 6 8 9 10 12 13 15 16 | 16.5
Earth Magic    | 2 4 5 |  5.7
Shields        | 7 13 15 | 15.0
Stealth        | |  1.7

Action                   |  1- 3 |  4- 6 |  7- 9 | 10-12 | 13-15 | 16-18 | 19-21 | 22-24 || total
-------------------------+-------+-------+-------+-------+-------+-------+-------+-------++-------
Melee: Unarmed           |     1 |       |       |       |       |       |       |       ||     1
       Dagger            |    13 |       |       |       |       |       |       |       ||    13
       Falchion          |       |    25 |    22 |       |       |       |       |       ||    47
       Tailslap          |       |     3 |    18 |    11 |    18 |    10 |     6 |     3 ||    69
       War axe           |       |       |    29 |   110 |   141 |       |       |       ||   280
       Staff             |       |       |       |     1 |     8 |     3 |    26 |       ||    38
       Long sword        |       |       |       |       |    15 |    65 |    25 |    16 ||   121
Throw: Stone             |       |       |     1 |     5 |       |       |     1 |       ||     7
 Cast: Freeze            |    52 |   113 |   143 |   131 |       |     4 |       |       ||   443
       Throw Frost       |       |    18 |    44 |    99 |   122 |    16 |       |       ||   299
       Flame Tongue      |       |       |    51 |   137 |       |     1 |     1 |       ||   190
       Summon Ice Beast  |       |       |    16 |    41 |    10 |    15 |       |       ||    82
       Throw Icicle      |       |       |       |   118 |   434 |   803 |   484 |    43 ||  1882
       Sticky Flame      |       |       |       |    47 |    85 |    70 |    53 |     7 ||   262
       Bolt of Magma     |       |       |       |    44 |   183 |   157 |   124 |    30 ||   538
       Iron Shot         |       |       |       |       |    31 |    29 |    83 |    29 ||   172
       Orb of Destructio |       |       |       |       |       |    10 |    56 |    14 ||    80
       Fireball          |       |       |       |       |       |   133 |   319 |   126 ||   578
       Summon Lightning  |       |       |       |       |       |     4 |    17 |       ||    21
       Ignition          |       |       |       |       |       |       |    23 |    43 ||    66
 Abil: Breathe Lightning |       |       |     1 |       |       |       |     2 |       ||     3
       Fly               |       |       |       |       |     1 |       |       |       ||     1
       Stop Flying       |       |       |       |       |       |       |     1 |       ||     1
Evoke: Wand              |       |       |     4 |     3 |    11 |    14 |     6 |       ||    38
  Use: Scroll            |       |     8 |     8 |     5 |    11 |    13 |    10 |    17 ||    72
       Potion            |       |       |     6 |     1 |       |     3 |     3 |    11 ||    24
 Stab: Sleeping          |       |     1 |     2 |       |       |       |       |       ||     3
       Distracted        |       |       |       |       |       |       |     1 |       ||     1
  Eat: Chunk             |     2 |    11 |    12 |    36 |    31 |    33 |    53 |    14 ||   192
       Ration            |       |       |     4 |     9 |    23 |    23 |    18 |     8 ||    85
Armor: Skin              |    14 |    30 |    64 |   132 |   177 |   122 |    82 |    60 ||   681
Dodge: Dodged            |    32 |    86 |   143 |   274 |   324 |   327 |   243 |   123 ||  1552
Block: Buckler           |       |       |       |       |    99 |       |       |       ||    99
       Shield            |       |       |       |       |    32 |   369 |   272 |   148 ||   821
       Rpst.: Falchion   |       |    11 |    24 |       |       |       |       |       ||    35
       Long sword        |       |       |       |       |       |    14 |     6 |     1 ||    21

Table legend:
 A = Non-vault XP
 B = Vault XP
 C = Vault XP percentage of total XP
 D = Non-vault monster count
 E = Vault monster count
 F = Vault count percentage of total count
                 A         B        C        D         E       F
            +---------+---------+-------+---------+---------+-------
      Total |  488412 |  458701 |  48.4 |    1252 |     618 |  33.0
            +---------+---------+-------+---------+---------+-------
        D:1 |     116 |       6 |   4.9 |      26 |       2 |   7.1
        D:2 |      89 |      35 |  28.2 |      17 |       1 |   5.6
        D:3 |      62 |      32 |  34.0 |      28 |       1 |   3.4
        D:4 |      70 |      43 |  38.1 |       4 |       1 |  20.0
        D:5 |     702 |     887 |  55.8 |      27 |       3 |  10.0
        D:6 |     593 |    3640 |  86.0 |      17 |       6 |  26.1
        D:7 |    1008 |     156 |  13.4 |      31 |       3 |   8.8
        D:8 |     610 |    1681 |  73.4 |      13 |      17 |  56.7
        D:9 |    2093 |    2439 |  53.8 |      32 |      19 |  37.3
       D:10 |    1146 |    4421 |  79.4 |      22 |      24 |  52.2
       D:11 |    4023 |       0 |   0.0 |      31 |       0 |   0.0
       D:12 |    6758 |    4065 |  37.6 |      33 |      31 |  48.4
       D:13 |    7419 |    2968 |  28.6 |      29 |       5 |  14.7
       D:14 |   15449 |    5390 |  25.9 |      39 |       7 |  15.2
       D:15 |   18898 |    5755 |  23.3 |      46 |      12 |  20.7
     Lair:1 |    1595 |     361 |  18.5 |       9 |       1 |  10.0
     Lair:2 |    8693 |    2221 |  20.4 |      29 |       9 |  23.7
     Lair:3 |    6532 |    1110 |  14.5 |      20 |       1 |   4.8
     Lair:4 |    3770 |    2635 |  41.1 |      10 |      13 |  56.5
     Lair:5 |    1361 |    4724 |  77.6 |       8 |       8 |  50.0
     Lair:6 |    4443 |   11872 |  72.8 |      14 |      30 |  68.2
    Swamp:1 |   12606 |    2209 |  14.9 |      32 |       1 |   3.0
    Swamp:2 |   13911 |       0 |   0.0 |      38 |       0 |   0.0
    Swamp:3 |   17840 |    1749 |   8.9 |      50 |       3 |   5.7
    Swamp:4 |    3852 |   18507 |  82.8 |       9 |      23 |  71.9
    Snake:1 |   14289 |    1021 |   6.7 |      38 |       1 |   2.6
    Snake:2 |   21455 |     151 |   0.7 |      36 |       1 |   2.7
    Snake:3 |   12496 |    7220 |  36.6 |      22 |      12 |  35.3
    Snake:4 |   18606 |   23042 |  55.3 |      38 |      41 |  51.9
      Orc:1 |    3796 |     136 |   3.5 |      24 |       1 |   4.0
      Orc:2 |    3828 |    8666 |  69.4 |      55 |      29 |  34.5
      Elf:1 |   13835 |   10928 |  44.1 |      22 |      16 |  42.1
      Elf:2 |   23356 |   10099 |  30.2 |      37 |       9 |  19.6
   Vaults:1 |   12523 |   22520 |  64.3 |      27 |      32 |  54.2
   Vaults:2 |   24566 |   21109 |  46.2 |      39 |      31 |  44.3
   Vaults:3 |   23555 |   16869 |  41.7 |      34 |      26 |  43.3
   Vaults:4 |   26275 |   57304 |  68.6 |      48 |      47 |  49.5
   Vaults:5 |   23000 |   82937 |  78.3 |      43 |      61 |  58.7
   Depths:1 |   44358 |   33731 |  43.2 |      64 |      20 |  23.8
   Depths:2 |   45059 |   45237 |  50.1 |      61 |      31 |  33.7
   Depths:3 |   43776 |   27916 |  38.9 |      50 |      25 |  33.3
   Depths:4 |       0 |   12909 | 100.0 |       0 |      14 | 100.0
            +---------+---------+-------+---------+---------+-------
